Cogmind - Beta 16 @@@ ROGUE MODE // 2025.12.30 @ 21:24:05 Player: Skergy Result: Destroyed by 5Q-4GN(R) with Subdweller Beam Cannon Performance ------------- Evolutions (0) 0 Regions Visited (3) 600 Robots Destroyed (16) 80 Value Destroyed (394) 394 Prototype IDs (0) 0 Alien Tech Used (0) 0 Bonus (60) 60 TOTAL SCORE: 1134 Bonus ------- Follower Combat Kills 60 Cogmind --------- Core Integrity 0/250 Matter 204/300 Energy 222/250 System Corruption 0% Temperature Cool (9) Movement Walking (120) Location -10/Subcaves Parts ------- > --- POWER (1) -------- Ion Engine > --- PROPULSION (2) --- Aluminum Leg Aluminum Leg > --- UTILITY (2) ------ Small Storage Unit Subdweller Optics > --- WEAPON (2) ------- Small Laser Small Laser > --- INVENTORY (8) ---- Light Nuclear Core Disposable Heat Sink Terrain Scanner Terrain Scan Processor Peak State ------------ > --- POWER ------------ Subdweller Power Source > --- PROPULSION ------- Light Treads Light Treads > --- UTILITY ---------- Small Storage Unit Seismic Detector > --- WEAPON ----------- Subdweller Machine Gun Grenade Launcher > --- INVENTORY -------- Ion Engine Light Nuclear Core Aluminum Leg Aluminum Leg Terrain Scanner Terrain Scan Processor Small Laser Small Laser [Rating: 10] Favorites ----------- Power Light Ion Engine Engine Light Ion Engine Propulsion Light Treads Treads Light Treads Leg Aluminum Leg Hover Unit Hover Unit Utility Small Storage Unit Device Seismic Detector Storage Small Storage Unit Weapon Small Laser Energy Gun Small Laser Ballistic Gun Assault Rifle Launcher Grenade Launcher Build | -11 -10 -10 -10 ------- Run | Yrd Mat Min Sub Slots Evolved . | . . . . Power . | . . . . Propulsion . | . . . . Utility . | . . . . Weapon . | . . . . Parts Attached 20 | 7 6 . 7 Power 4 | 2 1 . 1 Engine 4 | 2 1 . 1 Core . | . . . . Reactor . | . . . . Propulsion 6 | 2 2 . 2 Treads 2 | 2 . . . Leg 2 | . . . 2 Wheel . | . . . . Hover 2 | . 2 . . Flight . | . . . . Utility 5 | 1 2 . 2 Device 4 | . 2 . 2 Storage 1 | 1 . . . Processor . | . . . . Hackware . | . . . . Protection . | . . . . Artifact . | . . . . Weapon 5 | 2 1 . 2 Energy Gun 2 | 1 1 . . Energy Cannon . | . . . . Ballistic Gun 2 | 1 . . 1 Ballistic Cannon . | . . . . Launcher 1 | . . . 1 Special Weapon . | . . . . Impact Weapon . | . . . . Slashing Weapon . | . . . . Piercing Weapon . | . . . . Special Melee Weapon . | . . . . Unidentified Prototypes . | . . . . Parts Lost 9 | . 2 1 6 Power 1 | . . . 1 Propulsion 4 | . 2 . 2 Utility 1 | . . . 1 Weapon 3 | . . 1 2 Highest Loss Streak 4 | . 2 1 4 To Critical Strikes . | . . . . Average Backups 7 | 2 7 7 7 Power 1 | . 1 2 1 Propulsion 2 | 1 2 2 1 Utility 1 | . . 2 2 Weapon 1 | . 1 1 1 Tool/Special . | . . . . Unused Backups 2 | . . . 2 Power 1 | . . . 1 Propulsion . | . . . . Utility 1 | . . . 1 Weapon . | . . . . Tool/Special . | . . . . Average Slot Usage (%) 96 | . 88 100 93 Engine 12 | . 8 14 13 Treads 25 | . 18 28 25 Hover 1 | . 8 . . Device 12 | . 9 14 12 Storage 14 | . 14 14 14 Energy Gun 16 | . 13 19 12 Ballistic Gun 8 | . 14 8 6 Launcher 1 | . . . 7 Peak Build Rating 10 | 6 8 8 10 Average Rating 7 | 4 6 7 8 On Entrance 5 | . 6 8 8 Avg Prop Armor Cover (%) . | . . . . Naked Turns . | . . . . Heaviest Build 18 | 13 13 12 18 Greatest Support 40 | 40 40 40 40 Greatest Overweight (x) 2 | . 2 . . Average Overweight (x) . | . . . . Largest Inventory Capacity 8 | 8 8 8 8 Average Capacity 7 | 7 8 8 8 Most Carried 8 | 4 8 8 8 Average Carried 7 | 2 7 7 7 Final Capacity 8 | 8 8 8 8 Final Carried 8 | 4 8 7 4 Class Distribution -------------------- 100% | Mutant Dominant Class ---------------- Mutant | -10/Materials Mutant | -10/Mines Mutant | -10/Subcaves Resources | -11 -10 -10 -10 ----------- Run | Yrd Mat Min Sub Matter Collected 520 | 246 179 35 60 Remotely . | . . . . Salvage Created 385 | . 236 92 57 Parts 36 | . 22 11 3 Haulers Intercepted . | . . . . Recyclers Shooed . | . . . . Parts Field Recycled . | . . . . Retrieved Matter . | . . . . Parts Self-Destructed 6 | . . . 6 Prevented . | . . . . Parts Restored . | . . . . Kills | -11 -10 -10 -10 ------- Run | Yrd Mat Min Sub Combat Hostiles Destroyed 14 | . 5 6 3 Guns 11 | . 4 6 1 AOE 3 | . 1 . 2 Classes Destroyed 5 | . 3 1 1 Builder 1 | . 1 . . Watcher 1 | . 1 . . Swarmer 6 | . . 6 . Grunt 5 | . 5 . . Subdweller 3 | . . . 3 Best Kill Streak 5 | . 5 3 2 Combat Bots Only 4 | . 4 3 2 Max Kills in Single Turn 2 | . 2 1 1 Gunslinging . | . . . . Exploded 1 | . 1 . 1 Melee . | . . . . Uniques/NPCs Destroyed . | . . . . Combat | -11 -10 -10 -10 -------- Run | Yrd Mat Min Sub Hostile Shots Fired 91 | . 42 39 10 Missed 25 | . 11 10 4 Hits 66 | . 31 29 6 Projectile 66 | . 31 29 6 AOE 4 | . . . 4 Critical Strikes 1 | . . 1 . Part Disruptions 1 | . 1 . . Damage Taken 1012 | . 392 234 386 Core 256 | . 113 72 71 Absorbed by Shields . | . . . . Core Remaining (%) 100 | 100 . . . Volleys Fired 51 | . 25 14 12 Largest 2 | . 2 2 2 Hottest 80 | . 60 80 80 Shots Fired 95 | . 50 24 21 Gun 87 | . 50 24 13 Cannon . | . . . . Launcher 8 | . . . 8 Special . | . . . . Kinetic 39 | . 25 11 3 Thermal 48 | . 25 13 10 Explosive 8 | . . . 8 Electromagnetic . | . . . . Robot Hit Streak 10 | . 7 4 10 Robot Miss Streak 5 | . 5 3 2 Penetration Max . | . . . . Secondary Targets 4 | . 1 2 1 Max Gunslinging Chain 1 | . 1 1 1 Shots Hit Robots 58 | . 30 13 15 Core Hits 27 | . 13 6 8 Critical Kills . | . . . . Critical Parts Destroyed . | . . . . Critical Strikes . | . . . . Melee Attacks . | . . . . Impact . | . . . . Slashing . | . . . . Piercing . | . . . . Sneak Attacks . | . . . . Combat Hostiles . | . . . . Follow-up Attacks . | . . . . Damage Inflicted 1045 | . 462 172 411 Guns 617 | . 349 166 102 Cannons . | . . . . Explosions 422 | . 113 . 309 Melee . | . . . . Ramming 6 | . . 6 . Kinetic 278 | . 194 66 18 Thermal 373 | . 189 100 84 Explosive 309 | . . . 309 Electromagnetic 79 | . 79 . . Impact . | . . . . Slashing . | . . . . Piercing . | . . . . Highest Corruption . | . . . . Average Corruption . | . . . . Corruption Purged . | . . . . Corruption Blocked . | . . . . Overload Shots . | . . . . Overflow Damage 6 | . . . 6 Projectiles . | . . . . Explosions 6 | . . . 6 Melee . | . . . . Knockbacks . | . . . . Impact . | . . . . Kinetic . | . . . . Secondary . | . . . . Self-Inflicted Damage 70 | . 47 . 23 Shots 3 | . 2 . 1 Rammed 1 | . . 1 . Targets Rammed 1 | . . 1 . Kicked . | . . . . Crushed . | . . . . Highest Temperature 36 | . 14 36 . Average Temperature 7 | . 5 18 . Received Heat Transfer 228 | . 201 . 27 Siege Activations . | . . . . Martial Activations . | . . . . Shielding Activations . | . . . . Robots Disrupted . | . . . . Combat Hostiles . | . . . . Robots Corrupted . | . . . . Combat Hostiles . | . . . . Parts Fried . | . . . . Impact Corruptions . | . . . . Robots Melted . | . . . . Combat Hostiles . | . . . . Parts Melted . | . . . . Heat Transferred 775 | . 350 225 200 Parts Sabotaged . | . . . . Parts Stolen . | . . . . Parts Stripped . | . . . . Power Chain Reactions 1 | . 1 . . Alert | -11 -10 -10 -10 ------- Run | Yrd Mat Min Sub Maximum Alert Level . | . . . . Low Security (%) 100 | 100 100 100 . Level 1 . | . . . . Level 2 . | . . . . Level 3 . | . . . . Level 4 . | . . . . Level 5 . | . . . . High Security . | . . . . Max Security . | . . . . Peak Influence 101 | . 101 65 . Initial 35 | . . 35 . Average 17 | . 43 10 . Influence Increases 349 | . 201 148 . Destroy 0b10 Robot/C 220 | . 100 120 . Destroy 0b10 Robot/NC 10 | . 10 . . Destroy Leader 42 | . 22 20 . Allied During Kill 8 | . . 8 . Successful Hack 18 | . 18 . . Select Force Hacks 30 | . 30 . . Disable Machine 15 | . 15 . . Destroy Structure 6 | . 6 . . Influence Decreases 349 | . 110 239 . Entered New Map 56 | . . 56 . Time Decay 263 | . 90 173 . Lost Part 30 | . 20 10 . Squads Dispatched 2 | . 2 . . Investigation 2 | . 2 . . Extermination . | . . . . Reinforcement . | . . . . Assault . | . . . . Garrison . | . . . . Intercept . | . . . . Searches Triggered . | . . . . Construction Impeded . | . . . . Haulers Reinforced . | . . . . Active Scanning Responses . | . . . . Cargo Convoy Interrupts . | . . . . Stealth | -11 -10 -10 -10 --------- Run | Yrd Mat Min Sub Distress Signals . | . . . . Communications Jammed . | . . . . Distress Signals . | . . . . Times Spotted 20 | . 7 6 7 Peak Tracking Total 3 | . 3 3 3 Tactical Retreats . | . . . . Traps | -11 -10 -10 -10 ------- Run | Yrd Mat Min Sub Traps Triggered 2 | . 1 . 1 Indirectly . | . . . . Trap Hack Attempts . | . . . . Triggered . | . . . . Disarmed . | . . . . Reprogrammed . | . . . . Reused . | . . . . Traps Extracted . | . . . . Installed . | . . . . Triggered . | . . . . Machines | -11 -10 -10 -10 ---------- Run | Yrd Mat Min Sub Machines Disabled 1 | . 1 . . Max in Single Turn 1 | . 1 . . Machines Repaired . | . . . . Machines Dismantled . | . . . . Machines Sabotaged . | . . . . Overloaded Fab Kills . | . . . . Hacking | -11 -10 -10 -10 --------- Run | Yrd Mat Min Sub Machines Accessed 2 | . 2 . . Terminals 1 | . 1 . . Fabricators . | . . . . Repair Stations . | . . . . Recycling Units 1 | . 1 . . Scanalyzers . | . . . . Garrison Access . | . . . . Total Hacks 7 | . 7 . . Successful 6 | . 6 . . Failed 1 | . 1 . . Catastrophic . | . . . . Database Lockouts . | . . . . Manual 6 | . 6 . . Terminals 2 | . 2 . . Fabricators . | . . . . Repair Stations . | . . . . Recycling Units 5 | . 5 . . Scanalyzers . | . . . . Garrison Access . | . . . . Terminal Hacks . | . . . . Fabricator Hacks . | . . . . Repair Station Hacks . | . . . . Recycling Unit Hacks 1 | . 1 . . Retrieve Components 1 | . 1 . . Scanalyzer . | . . . . Garrison Access Hacks . | . . . . Unauthorized Hacks 3 | . 3 . . Terminals 2 | . 2 . . Track 1 | . 1 . . Botnet 1 | . 1 . . Fabricators . | . . . . Repair Stations . | . . . . Recycling Units 1 | . 1 . . Tunnel 1 | . 1 . . Scanalyzers . | . . . . Garrison Access . | . . . . Data Cores Recovered . | . . . . Used . | . . . . Hacking Detections 2 | . 2 . . Full Trace Events . | . . . . Feedback Events . | . . . . Feedback Blocked . | . . . . Robot Schematics Acquired . | . . . . Robots Built . | . . . . Authchips . | . . . . Time . | . . . . Total Robot Build Rating . | . . . . Part Schematics Acquired . | . . . . Parts Built . | . . . . Authchips . | . . . . Time . | . . . . Total Part Build Rating . | . . . . Part Studies Acquired . | . . . . Parts Repaired . | . . . . Time . | . . . . Parts Recycled . | . . . . Recycled Matter . | . . . . Retrieved Matter . | . . . . Retrieved Components 8 | . 8 . . Parts Scanalyzed . | . . . . Part Schematics Acquired . | . . . . Parts Damaged . | . . . . Bothacking | -11 -10 -10 -10 ------------ Run | Yrd Mat Min Sub Used RIF Installer . | . . . . Robots Hacked . | . . . . Non-combat . | . . . . Combat . | . . . . Robot Hacks Applied . | . . . . Relay Couplers Released . | . . . . Fabnet Peak Effective % . | . . . . Robots Rewired . | . . . . Allies Hacked . | . . . . Hacks Repelled . | . . . . Allies | -11 -10 -10 -10 -------- Run | Yrd Mat Min Sub Total Allies 2 | . . 2 . Largest Group 2 | . . 2 2 Highest-Rated Group 46 | . . 46 46 Highest-Rated Ally 31 | . . 31 31 Total Orders . | . . . . Ally Attacks 16 | . . 8 8 Total Damage 212 | . . 63 149 Kills 2 | . . . 2 Allies Corrupted . | . . . . Allies Melted . | . . . . Intel | -11 -10 -10 -10 ------- Run | Yrd Mat Min Sub Active Infowar (turns) 1635 | . 207 1056 372 Optics 35 | . . . 35 Terrain 8 | . 8 . . Seismic 1592 | . 199 1056 337 Robot Analysis Total . | . . . . Derelict Logs Recovered 2 | . . 2 . Drone Launches . | . . . . Drone Recoveries . | . . . . Exploration | -11 -10 -10 -10 ------------- Run | Yrd Mat Min Sub Turns Passed 1843 | 66 295 1056 426 Spaces Moved 947 | 36 152 542 217 Core 4 | 4 . . . Treads 890 | 32 99 542 217 Legs . | . . . . Wheels . | . . . . Hover 53 | . 53 . . Flight . | . . . . Fastest Speed 50 | 50 56 160 160 Average Speed 155 | 147 132 160 160 Slowest Speed 180 | 160 180 160 160 Overloaded Moves . | . . . . Propulsion Burnouts . | . . . . Robots Hopped . | . . . . Potential Cave-ins . | . . . . Cave-ins Triggered . | . . . . Exploration Rate (%) 36 | 3 26 96 22 Regions Visited 3 Branch Regions 2 Pre-discovered Areas 2 | . 1 . 1 Known Exits Taken . | . . . . Unknown Exits Taken 3 | 1 1 1 . Scrap Searched 1 | . . 1 . Spaces Dug . | . . . . Terrain Destroyed 46 | . 3 . 43 Melee . | . . . . Projectile . | . . . . AOE 46 | . 3 . 43 Terrain Rammed . | . . . . Walls Destroyed . | . . . . Machines Disabled . | . . . . Actions | -11 -10 -10 -10 --------- Run | Yrd Mat Min Sub Total 1221 | 45 196 706 274 Wait 183 | . 2 149 32 Move 944 | 35 151 541 217 Hop . | . . . . Pick Up 7 | 3 3 . 1 Fast Attach 14 | 6 5 . 3 Attach 9 | . 3 1 5 Detach 6 | . 5 . 1 Swap 4 | 1 1 . 2 Drop 2 | . 1 . 1 Fire 51 | . 25 14 12 Melee . | . . . . Ram . | . . . . Kick . | . . . . Crush 1 | . . 1 . Escape Stasis . | . . . . Rewire . | . . . . Trap . | . . . . Miscellaneous . | . . . . Route ------- -11/Scrapyard -10/Materials -10/Mines (discovered 3 exits: [*Mat x2] / [*Sub]) -10/Subcaves (discovered 1 exit: Rec) History --------- Turn | Location | Event 6 | -11/Scrapyard | Discovered new exit (range 15) 67 | -11/Scrapyard | Entered Materials 316 | -10/Materials | Build established: Mutant 324 | -10/Materials | Discovered new exit (range 7) 362 | -10/Materials | Entered Mines 447 | -10/Mines | Core integrity fell below 50% 464 | -10/Mines | Discovered new exit (range 13) 892 | -10/Mines | Discovered new exit (range 5) 1022 | -10/Mines | Found a hidden stash of uninstalled traps 1042 | -10/Mines | Discovered new exit (range 11) 1043 | -10/Mines | Learned location of 1 exit from Materials 1418 | -10/Mines | Entered Subcaves 1418 | -10/Subcaves | Accompanied by 2 allies 1419 | -10/Subcaves | Approached by a straggling Scientist 1419 | -10/Subcaves | Identified exit to Recycling 1423 | -10/Subcaves | Led the pair of lost Derelicts to an unsafe place 1537 | -10/Subcaves | A Subdweller sparked back to life 1537 | -10/Subcaves | A Subdweller sparked back to life 1537 | -10/Subcaves | A Subdweller sparked back to life 1636 | -10/Subcaves | Learned location of Zion (-7) 1636 | -10/Subcaves | Met a Zionite searching for "candidates" 1763 | -10/Subcaves | Core integrity fell below 20% 1797 | -10/Subcaves | Lost 4 parts (1n1u2w) 1844 | -10/Subcaves | Destroyed by 5Q-4GN(R) with Subdweller Beam Cannon Last Messages --------------- 01736_ Dropped Broken Sub. Power Source. 01755_ Seismic Detector destroyed. 01755_ Destroyed Seismic Detector. 01760_ Grenade Launcher destroyed. 01762_ N5-ANY(c) destroyed. 01762_ QM-UH1(R) destroyed. 01762_ Switching to secondary target: 8P-QFY(R). 01764_ Sub. Machine Gun destroyed. 01766_ Lgt. Treads destroyed. 01766_ 8P-QFY(R) destroyed. 01773_ Acquired 17 matter. 01794_ The unstable cave ceiling collapses. 01802_ Acquired Disposable Heat Sink. 01809_ Acquired Sub. Optics. 01835_ Triggered Shrapnel Trap. 01835_ An expanding cloud of shrapnel blasts out in all directions. 01835_ Lgt. Treads destroyed. 01838_ VS-BVN(g) destroyed. 01841_ 7H-22E(R) destroyed. Map ----- +----------------------------------------------------+ | # ??# #????????????????????????????? | | ## ??## #????????????????????????????? | | ? ???#### #????????????????????????????? | | ?# ?????# ###???????????????????????????? | | ?# ?????# "" #???????????????????????????? | | ?## #??????# #???????????????????????????? | | ???#???????# ##??????##??????????????????? | | ??#????????# = #?????# #??????????????????? | | ??? ?????# #?????# #??????????????????? | | ???? ???## ###### ##?????????????????? | | ????? ??# # ##????????????????? | | ??????# ?# # #????????????????? | | ??????#""### ## #????????????????? | | ?????## # & "# #######??????????? | | ??# ##" ! #### ? #??????????? | | ??# " " " "" #??? #???????????? | | ?# """" "" " ##??? #???????????? | | ?# "" # #??? #????????????? | | ?##""" ""###% ## ##??# ?????????????? | | ??# ""##??# ### ##?# ??????????????? | | ??# ""????# #?## ## ????????????????? | | ?????????#"" #??## ## ?????????????????? | | ?????????# """ ###???# ## #??????????????????? | | ????????" #####?????# % ;; #???????????????????? | | ???????#" ??????????#z ; ###?????????????????? | | ???????####??????????# @ "#?????????????????? | | ?????????????????????# "#?????????????????? | | ??????????????????? " #?????????????????? | | ????????????????# "##?????????????????? | | ?????????????? ^ "#??????????????????? | | ??????????? ## &#??????????????????? | | ????????? ###?## ## R%#??????????????????? | | ???????? #?????###? !&^??????????????????? | | ???????? ?????????? "?????????????????? | | ???????? ??????????? ###????????????????? | | ????????? ????????????? #??????????????????? | | ????????? ?????????????? ??????????????????? | | ?????????# ??????????????? ??????????????????? | | ?????????# "????????????????# ?????????????????? | | ????????????????????????????? ?????????????????? | | ????????????????????????????? #????????????????? | | ????????????????????????????? #????????????????? | | ?????????????????????????????? #????????????????? | | ?????????????????????????????? ????????????????? | | ?????????????????????????????????????????????????? | | ?????????????????????????????????????????????????? | | ?????????????????????????????????????????????????? | | ?????????????????????????????????????????????????? | | ?????????????????????????????????????????????????? | | ?????????????????????????????????????????????????? | +----------------------------------------------------+ Best States ------------- Heat Dissipation 25 Energy Generation 15 Energy Capacity 250 Matter Stores 300 Matter Capacity 300 Sight Range 21 Terrain Scan Range 14 Terrain Scan Density 10 Evasion (%) 53 Recoil Reduction 2 Item Schematics ----------------- None Robot Schematics ------------------ None Fabricated ------------ Nothing Repaired ---------- Nothing Studied --------- None Alien Tech Used ----------------- None Achievements -------------- None Challenges ------------ None Game ------ Seed StasisStealthSplitter Manual? 0 Play Time 00:12:36 Cumulative 91.5 hours Start 2025.12.30 @ 21:11:38 End 2025.12.30 @ 21:24:05 Sessions 1 Manual Loads 0 Difficulty Rogue Special Mode None Game No. 106 Rogue 106 Adventurer 0 Explorer 0 Win Type - Total 3 Types 3/0/0/0/0/0/0/0/0/0 Lore% 56 Gallery% 46 Achievement% 32 Wizard Run 0 Options --------- Layout 1 ASCII 0 Keyboard 1 Movement Vi Keybinds 0 Fullscreen 2 Font 24/Terminus Map View 50x35 Zoom Use 0% Tactical HUD 1 Map Filters NONE Filters NONE Steam 1 RUN: 88c281e5-e18e-4ae4-b36d-3ed588c58af9